cohdb
Replays
Latest Replays
All Replays
Popular Replays
Top Player Replays
Match Explorer
How It Works
Community
CoH3 Stats
Reddit
Sign in to upload your games and track your stats! →
Sign in with Steam
Match 42264478
Unlisted
Match 42264478
Overview
Messages
Build Orders
End
Kradschützen Motorcycle Team
Selects Italian Combined Arms Battlegroup
Selects Bersaglieri Squad
Bersaglieri Squad
Panzerpioneer Squad
Construct Light Support Kompanie
Bersaglieri Squad
Selects Bersaglieri Bolster
2.5-tonne Medical Truck
Selects Breda Model 30 Light Machine Guns
2.5-tonne Medical Truck
Bersaglieri Squad
Fire Support Elements
Assault Mechanized Group
Pak 38 Anti-tank Gun Team
AI Takeover
Dixie Normus
SilitO
dan legend
AchiliesX
0
0
Comments
sign in to comment!
No comments posted yet!